 Dungeon Crawl Stone Soup version 0.18.1-8-gdd0e5ea (webtiles) character file.

104 stauk the Cutter (level 5, 32/32 HPs)
             Began as a Kobold Warper on May 30, 2016.
             Quit the game on level 2 of the Dungeon on June 1, 2016.
             The game lasted 00:22:29 (2141 turns).

stauk the Cutter (Kobold Warper)                    Turns: 2141, Time: 00:22:30

Health: 32/32      AC:  7    Str:  9    XL:     5   Next: 7%
Magic:  8/8        EV: 16    Int: 11    God:
Gold:   105        SH:  0    Dex: 17    Spells: 3 memorised, 3 levels left

rFire  . . .     SeeInvis .     g - +4 short sword
rCold  . . .     Gourm    .     u - +0 robe
rNeg   + . .     Faith    .     (shield restricted)
rPois  .         Spirit   .     x - +2 helmet
rElec  .         Dismiss  .     (no cloak)
rCorr  .         Reflect  .     y - +0 pair of gloves
SustAt .         Harm     .     p - +0 pair of boots
MR     .....                    (no amulet)
Stlth  ++........               (no ring)
                                j - ring of positive energy

@: not resistant to hostile enchantments, unstealthy
A: carnivore 3
a: no special abilities


You were on level 2 of the Dungeon.
You were completely stuffed.

You visited 1 branch of the dungeon, and saw 2 of its levels.

You collected 105 gold pieces.

Inventory:

Hand Weapons
 a - a +0 short sword
 g - a +4 short sword (weapon)
Missiles
 e - 5 tomahawks of dispersal (quivered)
Armour
 b - a +0 leather armour
 p - a +0 pair of boots (worn)
 u - a +0 robe (worn)
 v - a +0 buckler
 x - a +2 helmet (worn)
 y - a +0 pair of gloves (worn)
Jewellery
 j - a ring of positive energy (left hand)
Wands
 w - a wand of slowing (21/48)
Scrolls
 d - a scroll of blinking
 h - a scroll of recharging {unknown}
 i - 2 scrolls of identify {unknown}
 n - a scroll of immolation {unknown}
 o - a scroll of amnesia {unknown}
 q - a scroll of enchant weapon {unknown}
 s - 2 scrolls of remove curse {unknown}
 t - 3 scrolls of teleportation {unknown}
Potions
 l - a potion of curing {unknown}
 m - a potion of brilliance {unknown}
 z - 2 potions of degeneration {unknown}
Books
 c - a book of Spatial Translocations

   Spells                             Type                      Level
   a - Apportation                    Translocation                1
   b - Blink                          Translocation                2
   c - Shroud of Golubria             Charms/Translocation         2
   d - Portal Projectile              Translocation                3
   e - Teleport Other                 Translocation                3
   f - Passage of Golubria            Translocation                4
Comestibles
 f - a meat ration
 k - 13 chunks of flesh
 r - 2 slices of pizza


   Skills:
 + Level 3.1 Fighting
 * Level 4.3 Short Blades
 - Level 1.1 Throwing
 - Level 0.7 Armour
 + Level 3.0 Dodging
 + Level 0.2 Shields
 + Level 2.3 Spellcasting
 + Level 0.1 Charms
 * Level 3.4 Translocations


You had 3 spell levels left.
You knew the following spells:

 Your Spells              Type           Power        Failure   Level  Hunger
a - Apportation           Tloc           #.........   10%         1    ##.....
b - Blink                 Tloc           N/A          14%         2    ###....
c - Shroud of Golubria    Chrm/Tloc      #.........   24%         2    ###....


Dungeon Overview and Level Annotations

Branches:
Dungeon (2/15)

Altars:
Nemelex Xobeh
Yredelemnul


Innate Abilities, Weirdness & Mutations

You are small and have problems with some larger weapons.
You are carnivorous and can eat meat at any time.


Message History

Things that are here:
a club; a ring mail; a hobgoblin corpse You butcher the hobgoblin corpse.
Some of the chunks of flesh in your inventory have rotted away.
k - 13 chunks of flesh (gained 2)
Things that are here:
a club; a ring mail; a hobgoblin skeleton
z - 2 viscous brown potions (gained 1)
A goblin comes into view.
The goblin barely misses you.
You hit the goblin.
You kill the goblin!
There is an empty arch of ancient stone here.
Found a viscous brown potion.
Found a basalt altar of Yredelemnul and a sparkling altar of Nemelex Xobeh.
Found 9 gold pieces.
Save game and exit?
Welcome back, stauk the Kobold Warper.
Press ? for a list of commands and other information.
Are you sure you want to abandon this character and quit the game? (Confirm with "yes".)

#.##.##.#........####
#.##.# #<......##
#.##.##.######.## ##
#.......######.#####.
##...##.##........##.
###∩## #.#.#.#..##. ##
#⌠.⌠# ###.#.......
##.$.##.##...##.......÷.
#_.!..∩@∩...._#.###..##.
##...##⌠##...##.(....###
##8 ### 8##......###. #
##########.# ##. ## ###
#.. #.#


There were no monsters in sight!

Vanquished Creatures
  Robin (D:2)
  2 adders (D:2)
  2 worms (D:2)
  2 dart slugs (D:1)
  A giant gecko (D:1)
  A giant cockroach (D:2)
  6 hobgoblins
  5 jackals (D:2)
  2 quokkas (D:2)
  4 ball pythons
  4 bats
  3 giant newts
  17 goblins
  6 kobolds
  3 rats
59 creatures vanquished.

Notes
Turn   | Place    | Note
--------------------------------------------------------------
     0 | D:1      | stauk the Kobold Warper began the quest for the Orb.
     0 | D:1      | Reached XP level 1. HP: 12/12 MP: 3/3
   295 | D:1      | Reached skill level 3 in Short Blades
   405 | D:1      | Reached XP level 2. HP: 18/18 MP: 5/5
   409 | D:1      | Learned a level 2 spell: Blink
   412 | D:1      | Learned a level 2 spell: Shroud of Golubria
   757 | D:1      | Reached XP level 3. HP: 21/22 MP: 3/6
  1328 | D:2      | Reached XP level 4. HP: 22/27 MP: 7/7
  1430 | D:2      | Noticed Robin
  1462 | D:2      | Reached skill level 4 in Short Blades
  1512 | D:2      | Killed Robin
  1980 | D:2      | Reached XP level 5. HP: 32/32 MP: 8/8
  2138 | D:2      | Found a basalt altar of Yredelemnul.
  2138 | D:2      | Found a sparkling altar of Nemelex Xobeh.
  2141 | D:2      | Quit the game

Skill      XL: |  1  2  3  4 |
---------------+-------------+-----
Short Blades   | 3 4 |  4.3
Fighting       | 3 |  3.1
Dodging        | 3 |  3.0
Throwing       | |  1.1
Armour         | |  0.7
Shields        | |  0.2
Spellcasting   | |  2.3
Charms         | |  0.1
Translocations | |  3.4

Action                   |  1- 3 |  4- 6 || total
-------------------------+-------+-------++-------
Melee: Short sword       |    84 |    82 ||   166
 Cast: Shroud of Golubri |     1 |     4 ||     5
       Blink             |       |     2 ||     2
  Eat: Chunk             |    10 |     3 ||    13
Armor: Leather armour    |    24 |       ||    24
       Robe              |       |    16 ||    16
Dodge: Dodged            |    59 |    63 ||   122
